 Dungeon Crawl Stone Soup version 0.29.1-15-g9cfb28693d (webtiles) character file.

Game seed: 15409919345805383993

121 BuddhaDhamma the Chopper (level 4, -11/39 HPs)
             Began as a Minotaur Berserker on Mar 21, 2023.
             Was a Believer of Trog.
             Killed from afar by Sigmund (15 damage)
             ... with a bolt of light
             ... on level 3 of the Dungeon.
             The game lasted 00:02:20 (1830 turns).

BuddhaDhamma the Chopper (Minotaur Berserker)       Turns: 1830, Time: 00:02:21

Health: -11/39     AC:  8    Str: 24    XL:     4   Next: 77%
Magic:  3/3        EV:  8    Int:  4    God:    Trog [**....]
Gold:   204        SH:  0    Dex:  9    Spells: 3/3 levels left

rFire   . . .      SeeInvis .   a - +0 hand axe
rCold   . . .      Faith    .   (no shield)
rNeg    . . .      Spirit   .   t - +0 chain mail
rPois   .          Reflect  .   (helmet restricted)
rElec   .          Harm     .   (no cloak)
rCorr   .          Rampage  .   (no gloves)
Will    .....                   (no boots)
Stlth   ..........              (no amulet)
HPRegen 0.13/turn               (no ring)
MPRegen 0.08/turn               (no ring)

@: on berserk cooldown, slowed, very slow
A: horns 2, retaliatory headbutt
a: Renounce Religion, Berserk, Trog's Hand


You were on level 3 of the Dungeon.
You worshipped Trog.
Trog was pleased with you.
You visited 1 branch of the dungeon, and saw 3 of its levels.

You collected 204 gold pieces.

Inventory:

Hand Weapons
 a - a +0 hand axe (weapon)
Missiles
 h - 4 poisoned darts (quivered)
Armour
 t - a +0 chain mail (worn)
Jewellery
 b - a ring of ice
Scrolls
 f - a scroll of enchant weapon {unknown}
 g - 3 scrolls of poison {unknown}
 i - 4 scrolls of identify {unknown}
 j - a scroll of fog {unknown}
 k - a scroll of fear {unknown}
 m - a scroll of enchant armour {unknown}
 o - a scroll of summoning {unknown}
Potions
 c - a potion of heal wounds {unknown}
 d - a potion of attraction {unknown}
 e - a potion of might {unknown}
 n - a potion of mutation {unknown}
 p - a potion of curing
 q - a potion of haste {unknown}
 r - a potion of ambrosia {unknown}
 s - a potion of lignification {unknown}


   Skills:
 - Level 3.6 Fighting
 + Level 6.7 Axes
 - Level 2.4 Armour
 - Level 2.1 Dodging


You had 3 spell levels left.
You didn't know any spells.
Your spell library was empty.

Dungeon Overview and Level Annotations

Branches:
Dungeon (3/15)

Altars:

Annotations:
D:3 Sigmund


Innate Abilities, Weirdness & Mutations

You have a pair of horns on your head.
You reflexively headbutt those who attack you in melee.


Message History

You are confused.
You bump into the rock wall.
Something hits you but does no damage.
You feel a strong urge to attack something.
Things that are here:
a +0 club; a +0 whip; a gnoll corpse You bump into the rock wall.
You are no longer berserk.
You are exhausted.
You feel yourself slow down.
You hear a zap.
A bolt of light appears from out of thin air!
The bolt of light hits you!
You hear some strange, mumbled words.
Something tries to affect you, but you resist.
Something hits you.
Things that are here:
a +0 club; a +0 whip; a gnoll corpse You feel less confused.
You hear some strange, mumbled words.
You are confused.
You hear some strange, mumbled words.
A puff of flame appears from out of thin air!
The puff of flame misses you.
Things that are here:
a +0 club; a +0 whip; a gnoll corpse You miss something.
Something hits you.
You closely miss something.
You hear a zap.
A bolt of light appears from out of thin air!
The bolt of light hits you!
* * * LOW HITPOINT WARNING * * *
Something hits you but does no damage. Something hits you.
* * * LOW HITPOINT WARNING * * *
You bump into the rock wall.
You feel less confused.
You hear a zap.
A bolt of light appears from out of thin air!
The bolt of light hits you!
You die...

#............. #######
#.....# #.....########
### ####.... #.....# #..
...... #.....# #.#
####### #.....# #.#
##.....######## #.#
#.............. #.# #
#......##########)#.###.#
#..........(...@){......#
#################.#...###
#.# ..... #.# .### #.# ..
#.# .# #.# # #..


There were no monsters in sight!

Vanquished Creatures
  Terence (D:3)
  3 gnolls (D:3)
  An adder (D:2)
  An ufetubus (D:3)
  2 worms (D:2)
  A dart slug (D:3)
  2 orcs (D:3)
  6 bats
  3 endoplasms
  A giant cockroach (D:1)
  6 goblins
  4 hobgoblins
  5 jackals (D:1)
  A quokka (D:1)
  A frilled lizard (D:3)
  2 kobolds
  2 rats
42 creatures vanquished.

Notes
Turn   | Place    | Note
-------+----------+-------------------------------------------
     0 | D:1      | BuddhaDhamma the Minotaur Berserker began the quest for the
                  | Orb.
     0 | D:1      | Reached XP level 1. HP: 19/19 MP: 0/0
    18 | D:1      | Reached skill level 4 in Axes
   212 | D:1      | Reached XP level 2. HP: 26/26 MP: 1/1
   851 | D:2      | Reached skill level 5 in Axes
   855 | D:2      | Reached XP level 3. HP: 30/31 MP: 2/2
   870 | D:2      | Found a faded altar of an unknown god.
  1429 | D:3      | Reached ** piety under Trog
  1489 | D:3      | Noticed Terence
  1499 | D:3      | Killed Terence
  1500 | D:3      | Reached skill level 6 in Axes
  1500 | D:3      | Reached XP level 4. HP: 39/39 MP: 3/3
  1809 | D:3      | Noticed Sigmund
  1830 | D:3      | Killed from afar by Sigmund

Illustrated notes

Levels and vault maps discovered:
D:1:      psy_arrival_radial01, layout_rooms
D:2:      layout_loops_cross, dreamdust_ecumenical_altar_statues
D:3:      layout_basic, uniq_terence, uniq_sigmund

Skill      XL: |  1  2  3 |
---------------+----------+-----
Axes           | 4 5 6 |  6.7
Fighting       | |  3.6
Armour         | |  2.4
Dodging        | |  2.1

Action                   |  1- 3 |  4- 6 || total
-------------------------+-------+-------++-------
Melee: Hand axe          |    52 |    20 ||    72
       Headbutt          |    11 |     3 ||    14
Invok: Berserk           |     2 |     1 ||     3
Armor: Animal skin       |    10 |       ||    10
       Scale mail        |    12 |     1 ||    13
       Chain mail        |       |     6 ||     6
Dodge: Dodged            |    35 |     7 ||    42
